 Dungeon Crawl Stone Soup version 0.31.0-32-g396128a36d (webtiles) character file.

Game seed: 6838108378977726867

200 PaiMei the Grave Robber (level 5, -3/38 HPs)
             Began as a Demonspawn Necromancer on Apr 18, 2024.
             Constricted to death by Sigmund (5 damage)
             ... on level 3 of the Dungeon.
             The game lasted 00:05:28 (3026 turns).

PaiMei the Grave Robber (Demonspawn Necromancer)    Turns: 3026, Time: 00:05:28

Health: -3/38      AC: 13    Str:  8    XL:     5   Next: 48%
Magic:  0/9        EV: 10    Int: 17    God:
Gold:   84         SH:  0    Dex: 20    Spells: 6/10 levels left

rFire   . . .        r - +1 falchion (protect)
rCold   . . .        (no shield)
rNeg    . . .        a - +0 robe
rPois   .            t - +0 helmet
rElec   .            l - +0 cloak
rCorr   .            (no gloves)
SInv    .            (no boots)
Will    .....        (no amulet)
Stlth   ++           c - +6 ring of dexterity
HPRegen 0.26/turn    (no ring)
MPRegen 0.11/turn

%: no passive effects
@: lethally poisoned (-3 -> -13), grasped by roots, under a protective aura,
constricted
A: slimy green scales 1, demonic touch 1
a: no special abilities


You were on level 3 of the Dungeon.
You visited 1 branch of the dungeon, and saw 3 of its levels.

You collected 84 gold pieces.

Inventory:

Hand Weapons
 d - a +0 short sword
 r - a +1 falchion of protection (weapon)
 u - a +0 spear of venom
Missiles
 g - 2 poisoned darts (quivered)
Armour
 a - a +0 robe (worn)
 l - a +0 cloak (worn)
 t - a +0 helmet (worn)
Jewellery
 c - a +6 ring of dexterity (left hand)
Wands
 o - a wand of charming (4)
Scrolls
 f - a scroll of identify {unknown}
 i - a scroll of poison {unknown}
 m - 2 scrolls of enchant armour {unknown}
 p - a scroll of butterflies {unknown}
 q - a scroll of teleportation {unknown}
 s - a scroll of amnesia {unknown}
Potions
 b - a potion of magic
 e - a potion of might {unknown}
 h - a potion of lignification {unknown}
 j - 2 potions of curing {unknown}
 k - 2 potions of invisibility {unknown}
 n - 2 potions of heal wounds {unknown}


   Skills:
 + Level 2.1 Fighting
 + Level 3.0 Dodging
 - Level 2.2 Stealth
 + Level 3.1 Spellcasting
 + Level 5.3 Necromancy


You had 6 spell levels left.
You knew the following spells:

 Your Spells              Type           Power      Damage    Failure   Level
a - Necrotise             Necr           80%        1d8       1%          1
b - Vampiric Draining     Necr           20%        2d7       6%          3

Your spell library contained the following spells:

 Spells                   Type           Power      Damage    Failure   Level
 Animate Dead             Necr           20%        N/A       19%         4
 Lesser Beckoning         Tloc           4%         N/A       26%         2
 Frozen Ramparts          Ice            4%         1d1       45%         3
 Gell's Gravitas          Tloc           2%         N/A       45%         3
 Teleport Other           Tloc           2%         N/A       45%         3
 Curse of Agony           Necr           20%        N/A       47%         5
 Leda's Liquefaction      Alch/Erth      1%         N/A       86%         4
 Petrify                  Alch/Erth      2%         N/A       86%         4
 Metabolic Englaciation   Hex/Ice        1%         N/A       99%         5


Dungeon Overview and Level Annotations

Branches:
Dungeon (3/15)

Altars:

Shops:
D:3 (

Annotations:
D:3 Sigmund


Innate Abilities, Weirdness & Mutations

You are partially covered in slimy green scales. (AC +2)
Your touch may inflict minor irresistible damage on your foes.


Message History

The grasping roots release their grip on you.
Casting: Vampiric Draining (dangerous; 6% risk of failure)
Confirm with . or Enter, or press ? or * to list all spells.
Aiming: Vampiric Draining (dangerous; 6% risk of failure)
Press: ? - help, Shift-Dir - straight line, f/p - Sigmund
Aim: Sigmund, wielding a +0 scythe of venom, wearing a +2 robe of willpower and carrying a wand of roots (lightly wounded)
You draw life force from Sigmund!
You feel life coursing into your body.
You feel very sick.
Sigmund zaps a wand.
The roots erupt in riotous growth!
The grasping roots grab you!
Sigmund is unaffected.
The grasping roots constrict you.
Casting: Vampiric Draining (dangerous; 6% risk of failure)
Confirm with . or Enter, or press ? or * to list all spells.
Aiming: Vampiric Draining (dangerous; 6% risk of failure)
Press: ? - help, Shift-Dir - straight line, f/p - Sigmund
Aim: Sigmund, wielding a +0 scythe of venom, wearing a +2 robe of willpower and carrying a wand of roots (heavily wounded)
You draw life force from Sigmund.
You feel life coursing into your body.
You feel sick.
Sigmund hits you with a +0 scythe of venom.
You are lethally poisoned!
The grasping roots constrict you.
Casting: Vampiric Draining (dangerous; 6% risk of failure)
Confirm with . or Enter, or press ? or * to list all spells.
You don't have enough magic to cast this spell.
You hit Sigmund.
Your weapon exudes an aura of protection.
You touch Sigmund.
Sigmund is almost dead.
You feel very sick. Sigmund barely misses you.
The grasping roots constrict you.
* * * LOW HITPOINT WARNING * * *
You hit Sigmund.
Sigmund is almost dead.
* * * LOW HITPOINT WARNING * * *
You feel very sick. Sigmund gestures at you while chanting.
The puff of flame hits you but does no damage.
The grasping roots constrict you.
You die...
Sigmund begins carving another notch in his scythe.

##.##.# #.##.....# ##.##.####
.### #..#>...######
##.##..#.#
.....#..###........
...#.....# #.....##...#####.
>###.#.### ###.##..####..
.....#.# ##............#
.#####.# #.†..###.####.# .#
#.# ###<##.###.# ## # .# #.##
#...@....... . . . .# #..#
#.#@####.###.# .#.# ##
#.######<#)####.###.##.#.# #
##.###....#...............
#####..##..####.##.###.##.#.#
.....>###.## #....@[.......#
####### #)# ##.##K#.##.#.#.#
#########.####..##......†.#
.............†.....#.#.)....#


You could see Sigmund.

Vanquished Creatures
  A hound (D:3)
  Terence (D:3)
  Robin (D:3)
  3 gnolls (D:3)
  3 adders
  A dart slug (D:1)
  A ribbon worm (D:3)
  2 orcs (D:3)
  A ball python (D:3)
  6 endoplasms
  11 goblins
  7 hobgoblins
  6 jackals
  8 quokkas
  4 bats
  4 frilled lizards
  4 kobolds
  3 rats
67 creatures vanquished.

Vanquished Creatures (collateral kills)
  A goblin (D:1)
  A bat (D:3)
  A rat (D:3)
3 creatures vanquished.

Grand Total: 70 creatures vanquished

Notes
Turn   | Place    | Note
-------+----------+-------------------------------------------
     0 | D:1      | PaiMei the Demonspawn Necromancer began the quest for the
                  | Orb.
     0 | D:1      | Reached XP level 1. HP: 13/13 MP: 3/3
   276 | D:1      | Gained mutation: You are partially covered in slimy green
                  | scales. (AC +2) [demonic ancestry]
   276 | D:1      | Reached XP level 2. HP: 19/19 MP: 0/5
   863 | D:2      | Reached XP level 3. HP: 25/25 MP: 2/6
   867 | D:2      | Learned a level 3 spell: Vampiric Draining
  1499 | D:2      | Reached skill level 1 in Fighting
  1645 | D:3      | Noticed Sigmund
  1722 | D:3      | Noticed Terence
  2161 | D:3      | Gained mutation: Your touch may inflict minor irresistible
                  | damage on your foes. [demonic ancestry]
  2161 | D:3      | Reached XP level 4. HP: 32/32 MP: 1/7
  2407 | D:3      | Found Pyos's Weapon Shop.
  2420 | D:3      | Noticed Robin
  2520 | D:3      | Killed Robin
  2521 | D:3      | Reached skill level 5 in Necromancy
  2699 | D:3      | Killed Terence
  2721 | D:3      | Reached XP level 5. HP: 24/38 MP: 1/9
  3026 | D:3      | Constricted to death by Sigmund

Illustrated notes

Levels and vault maps discovered:
D:1:      ncdulo_watergridlock, layout_basic
D:2:      layout_basic, dk_noncrumbling_4
D:3:      minmay_evil_eye, layout_rooms, chequers_ecumenical_altar_island,
          serial_shops, shop, minmay_diced_spiral, uniq_robin, uniq_terence,
          uniq_crazy_yiuf_cottage, uniq_sigmund

Skill      XL: |  1  2  3  4  5 |
---------------+----------------+-----
Stealth        | 2 |  2.2
Dodging        | 2 3 |  3.0
Fighting       | 1 2 |  2.1
Necromancy     | 5 |  5.3
Spellcasting   | 3 |  3.1

Action                     |  1- 3 |  4- 6 || total
---------------------------+-------+-------++-------
  Melee: Unarmed           |     9 |       ||     9
         Short sword       |    15 |       ||    15
         Falchion          |       |    33 ||    33
         Punch             |       |     1 ||     1
         Touch             |       |     3 ||     3
   Cast: Necrotise         |    82 |    40 ||   122
         Vampiric Draining |       |     4 ||     4
 Armour: Robe              |    25 |    37 ||    62
  Dodge: Dodged            |    46 |    32 ||    78
